 Dungeon Crawl Stone Soup version 0.25.0-46-gbd7b0854d2 (webtiles) character file.

Game seed: 4975948883411403921

7192 Delamore the Blocker (level 11, -10/93 HPs)
             Began as a Gargoyle Fighter on July 13, 2020.
             Was a Priest of Okawaru.
             Mangled by a white ugly thing (32 damage)
             ... on level 10 of the Dungeon.
             The game lasted 00:11:30 (11362 turns).

Delamore the Blocker (Gargoyle Fighter)            Turns: 11362, Time: 00:11:31

Health: -10/93     AC: 21    Str: 23    XL:     11   Next: 11%
Magic:  11/11      EV:  7    Int:  9    God:    Okawaru [***...]
Gold:   558        SH: 13    Dex:  9    Spells: 10/10 levels left

rFire    + . .     SeeInvis .   a - +0 flail
rCold    . . .     Gourm    .   c - +0 kite shield
rNeg     + . .     Faith    .   m - +4 chain mail
rPois    ∞         Spirit   .   (no helmet)
rElec    +         Reflect  .   h - scarf {repulsion}
rCorr    .         Harm     .   (no gloves)
MR       +....                  (no boots)
Stlth    ..........             y - amulet of the acrobat
HPRegen  0.25/turn              S - ring of protection from magic
MPRegen  0.12/turn              Q - ring of protection from fire

@: berserking, repel missiles, very quick
A: negative energy resistance 1, electricity resistance, unbreathing,
petrification resistance, rot immunity, AC +8
a: Heroism, Renounce Religion


You were on level 10 of the Dungeon.
You worshipped Okawaru.
Okawaru was most pleased with you.
You were not hungry.

You visited 2 branches of the dungeon, and saw 12 of its levels.
You also visited: Ossuary.

You collected 558 gold pieces.

Inventory:

Hand Weapons
 a - a +0 flail (weapon)
Missiles
 p - 2 atropa-tipped darts (quivered)
 q - 56 poisoned darts
 N - 5 curare-tipped darts
Armour
 b - a +0 scale mail
 c - a +0 kite shield (worn)
 h - a scarf of repulsion (worn)
 m - a +4 chain mail (worn)
 O - a +0 cloak
Jewellery
 y - an amulet of the acrobat (around neck)
 Q - a ring of protection from fire (right hand)
 S - a ring of protection from magic (left hand)
 T - an uncursed ring of resist corrosion
Wands
 B - a wand of random effects (27)
 C - a wand of flame (22)
 K - a wand of polymorph (11)
Scrolls
 g - 5 scrolls of magic mapping {unknown}
 i - 7 scrolls of remove curse
 j - 6 scrolls of immolation {unknown}
 n - 4 scrolls of fog
 r - 3 scrolls of blinking
 s - 2 scrolls of amnesia
 t - a scroll of random uselessness
 v - 2 scrolls of fear
 w - 4 scrolls of enchant weapon {unknown}
 z - a scroll of identify
 F - 2 scrolls of enchant armour
 M - 4 scrolls of teleportation {unknown}
 P - a scroll of silence
Potions
 d - 3 potions of might
 e - 2 potions of mutation {unknown}
 k - 10 potions of flight
 l - 2 potions of brilliance {unknown}
 o - 2 potions of degeneration
 u - a potion of cancellation {unknown}
 x - 3 potions of berserk rage
 A - 2 potions of heal wounds {unknown}
 D - a potion of resistance
 E - 2 potions of ambrosia {unknown}
 G - 3 potions of lignification
 I - 2 potions of haste {unknown}
 J - 2 potions of curing {unknown}
 L - a potion of stabbing {unknown}
Comestibles
 f - 19 rations


   Skills:
 - Level 4.3 Fighting
 - Level 12.0 Maces & Flails
 - Level 3.2 Armour
 + Level 12.5 Shields


You had 10 spell levels left.
You didn't know any spells.
Your spell library contained the following spells:

 Spells                   Type           Power        Failure   Level  Hunger
 Summon Small Mammal      Summ           #...         99%         1    ##.....
 Call Imp                 Summ           #.......     100%        2    ###....
 Call Canine Familiar     Summ           #.......     100%        3    ####...
 Summon Guardian Golem    Hex/Summ       #.......     100%        3    ####...
 Summon Ice Beast         Ice/Summ       #.......     100%        4    #####..
 Summon Lightning Spire   Summ/Air       #.......     100%        4    #####..


Dungeon Overview and Level Annotations

Branches:
Dungeon (11/15)            Temple (1/1) D:6            Lair (0/6) D:9
Ossuary (visited)
    Orc: D:9-12

Altars:
Ashenzari
Cheibriados
Dithmenos
Elyvilon
Fedhas
Hepliaklqana
Kikubaaqudgha
Makhleb
Nemelex Xobeh
Okawaru
Ru
Trog
Vehumet
Yredelemnul

Shops:
D:6 =


Innate Abilities, Weirdness & Mutations

You are resistant to torment.
Your stone body is resilient. (AC +8)
You are immune to poison.
You resist negative energy. (rN+)
You are resistant to electric shocks. (rElec)
You can survive without breathing.
You are immune to petrification.
You are immune to rotting.


Message History

You throw a silver javelin.
The silver javelin closely misses the white ugly thing.
The white ugly thing stings you! The white ugly thing freezes you!!
Ouch! That really hurt!
* * * LOW HITPOINT WARNING * * *
The white ugly thing stings you but does no damage.
The iguana bites you.
* * * LOW HITPOINT WARNING * * *
You climb upwards.
There is a stone staircase leading down here.
A red film seems to cover your vision as you go berserk!
You feel yourself moving faster!
You feel mighty!
The white ugly thing stings you but does no damage.
You block the iguana's attack.
You barely miss the white ugly thing.
The white ugly thing is moderately wounded.
The white ugly thing stings you.
* * * LOW HITPOINT WARNING * * *
The white ugly thing freezes you!!
You die...

#.........######............###
#............# ############....
#.........##.# #####
############.## #..## #
##..########## # ##..........#
## #l.........# ##.
#@..÷......# ##.. #.u........#
#... #..........# ##...
#..........###...#
#...........##..##
#####.#####....## #.# ##...###
#### #<# ###.......
#..###.###.(..#####


You could see a white ugly thing and an iguana.

Vanquished Creatures
  Erica (D:9)
  A troll (D:9)
  Grinder (D:6)
  A hippogriff (D:9)
  Eustachio (D:6)
  5 yaks
  2 hungry ghosts
  Menkaure (D:7)
  A water moccasin (D:9)
  Duvessa (D:7)
  2 porcupines
  A black bear (D:9)
  5 sky beasts
  3 ice beasts
  An eye of draining (D:9)
  An orc warrior (D:9)
  A phantom (D:7)
  2 necrophages
  5 centaurs
  3 crocodiles (D:9)
  7 bullfrogs
  An elf zombie (Ossuary)
  4 scorpions
  Dowan (D:7)
  3 killer bees (D:9)
  3 crimson imps
  A howler monkey (D:5)
  A quasit (D:5)
  2 bullfrog zombies
  2 centaur zombies
  A human zombie (Ossuary)
  3 orc priests
  2 jellies
  A hound (D:7)
  9 orc wizards
  6 worker ants
  4 iguanas
  Terence (D:3)
  2 big kobold zombies (Ossuary)
  3 hound skeletons
  3 mummies
  A howler monkey zombie (D:8)
  5 gnolls
  16 adders
  3 shadow imps
  3 oozes
  An adder zombie (Ossuary)
  3 worms
  An adder skeleton (D:8)
  4 dart slugs
  8 leopard geckos
  38 orcs
  6 giant cockroaches
  6 goblins
  20 hobgoblins
  5 jackals
  10 kobolds
  5 quokkas
  2 ball pythons
  8 bats
  7 frilled lizards
  A giant cockroach zombie (D:6)
  2 goblin zombies (Ossuary)
  5 hobgoblin zombies (Ossuary)
  15 kobold zombies (Ossuary)
  2 leopard gecko skeletons (D:4)
  A leopard gecko zombie (D:8)
  9 orc zombies (Ossuary)
  2 quokka skeletons
  A quokka zombie (D:7)
  9 rats
  A rat zombie (D:7)
  A plant (D:6)
300 creatures vanquished.

Vanquished Creatures (others)
  A fungus (D:9)
  2 plants (D:9)
3 creatures vanquished.

Grand Total: 303 creatures vanquished

Notes
Turn   | Place    | Note
-------+----------+-------------------------------------------
     0 | D:1      | Delamore the Gargoyle Fighter began the quest for the Orb.
     0 | D:1      | Reached XP level 1. HP: 14/14 MP: 1/1
   233 | D:1      | Reached XP level 2. HP: 19/19 MP: 2/2
   711 | D:1      | Reached XP level 3. HP: 24/24 MP: 3/3
  1283 | D:2      | Reached XP level 4. HP: 17/30 MP: 4/4
  2056 | D:3      | Reached XP level 5. HP: 32/34 MP: 5/5
  2148 | D:3      | Found a faded altar of an unknown god.
  2296 | D:3      | Reached skill level 5 in Maces & Flails
  2377 | D:3      | Noticed Terence
  2387 | D:3      | Killed Terence
  2387 | D:3      | Reached XP level 6. HP: 39/39 MP: 6/6
  3287 | D:5      | Entered Level 5 of the Dungeon
  3323 | D:5      | Noticed a sky beast
  3363 | D:5      | Killed a sky beast
  3363 | D:5      | Reached XP level 7. HP: 30/44 MP: 7/7
  4021 | D:5      | Reached XP level 8. HP: 42/48 MP: 8/8
  4573 | D:6      | Noticed Grinder
  4574 | D:6      | Paralysed by Grinder for 5 turns
  4597 | D:6      | Paralysed by Grinder for 7 turns
  4612 | D:6      | Paralysed by Grinder for 2 turns
  4618 | D:6      | Killed Grinder
  5082 | D:6      | Found Tabim's Jewellery Shop.
  5314 | D:6      | Noticed Eustachio
  5361 | D:6      | Killed Eustachio
  5361 | D:6      | Reached skill level 10 in Maces & Flails
  5495 | D:6      | Found a staircase to the Ecumenical Temple.
  5646 | D:7      | Noticed Menkaure
  5654 | D:7      | Killed Menkaure
  5664 | D:7      | Reached XP level 9. HP: 33/52 MP: 9/9
  5868 | D:7      | Noticed Dowan
  5878 | D:7      | Killed Dowan
  5883 | D:7      | Noticed Duvessa
  5907 | D:7      | Killed Duvessa
  6111 | D:7      | Found a sand-covered staircase.
  6120 | Ossuary  | Entered an ossuary
  6704 | Temple   | Entered the Ecumenical Temple
  6734 | Temple   | Became a worshipper of Warmaster Okawaru
  6834 | D:7      | Reached skill level 5 in Shields
  7562 | D:8      | Reached XP level 10. HP: 58/58 MP: 10/10
  7821 | D:8      | Reached * piety under Okawaru
  9134 | D:9      | Reached skill level 10 in Shields
  9294 | D:9      | Reached ** piety under Okawaru
  9307 | D:9      | Found a staircase to the Lair.
  9936 | D:9      | Found a snail-covered altar of Cheibriados.
  9940 | D:9      | Noticed Erica
 10269 | D:9      | Killed Erica
 10420 | D:9      | Reached XP level 11. HP: 62/62 MP: 11/11
 10858 | D:10     | Entered Level 10 of the Dungeon
 10983 | D:10     | Reached *** piety under Okawaru
 11354 | D:11     | Noticed a white ugly thing
 11362 | D:10     | Mangled by a white ugly thing

Illustrated notes

Levels and vault maps discovered:
D:1:      heliophobic_arrival_henge, layout_loops_corners, minmay_pentomino_z2
D:2:      layout_rooms, grunt_decor_resistance, kennysheep_generic_room_14
D:3:      layout_basic, first_ration, chequers_ecumenical_altar_simple,
          uniq_terence
D:4:      layout_rooms
D:5:      layout_loops_ring
D:6:      corexii_shantytown, layout_basic, minmay_temple_entry_wispy,
          serial_shops, shop, serial_glass, glass_columns_b, glass_columns_a,
          uniq_grinder, uniq_eustachio
D:7:      layout_cave_pools, enter_ossuary_4, uniq_menkaure, uniq_duvessa
D:8:      layout_basic
D:9:      layout_irregular_city, slow_altar_1, minmay_lair_entry_grove,
          uniq_erica
D:10:     layout_rooms
D:11:     kennysheep_windowed_halls, layout_cave_pools,
          minmay_orc_entry_temple_small, gauntlet_entry_generic
Temple:   compressed_dpeg_triangle_lava_temple

Skill      XL: |  1  2  3  4  5  6  7  8  9 10 11 |
---------------+----------------------------------+-----
Fighting       | 4 |  4.3
Maces & Flails | 3 4 5 7 8 10 12 | 12.0
Shields        | 7 11 12 | 12.5
Armour         | |  3.2

Action                   |  1- 3 |  4- 6 |  7- 9 | 10-12 || total
-------------------------+-------+-------+-------+-------++-------
Melee: Flail             |   115 |   279 |   745 |   424 ||  1563
Throw: Javelin           |       |       |    12 |     4 ||    16
       Dart              |       |       |    11 |       ||    11
Invok: Heroism           |       |       |       |     1 ||     1
  Use: Scroll            |       |       |       |    12 ||    12
       Potion            |       |       |       |     2 ||     2
 Stab: Invisible         |       |       |     1 |       ||     1
  Eat: Chunk             |     1 |     7 |    17 |     6 ||    31
       Ration            |       |       |     3 |     2 ||     5
Armor: Scale mail        |    58 |    29 |       |       ||    87
       Chain mail        |       |   204 |   400 |   196 ||   800
Dodge: Dodged            |    29 |    78 |   181 |    80 ||   368
       Repelled          |       |       |     8 |     1 ||     9
Block: Kite shield       |    68 |   165 |   334 |   229 ||   796
